 Dungeon Crawl Stone Soup version 0.21.0-24-g2553a33 (webtiles) character file.

374531 JeffiDaFish the Impregnable (level 21, -13/190 HPs)
             Began as a Minotaur Fighter on Jan 20, 2018.
             Was the Champion of Okawaru.
             Killed from afar by a lich (36 damage)
             ... with a crystal spear
             ... on level 5 of the Vaults on Jan 21, 2018.
             The game lasted 01:46:52 (37154 turns).

JeffiDaFish the Impregnable (Minotaur Fighter)     Turns: 37154, Time: 01:46:53

Health: -13/190    AC: 38    Str: 29    XL:     21   Next: 76%
Magic:  28/28      EV:  2    Int:  7    God:    Okawaru [******]
Gold:   4275       SH:  0    Dex: 18    Spells: 17/20 levels left

rFire    . . .     SeeInvis +   u - +8 broad axe "Ydaibefi" {flame, rPois Int+2}
rCold    . . .     Gourm    .   c - +2 shield
rNeg     + + +     Faith    .   n - +7 chain mail of Jilyotio {Str+3}
rPois    ∞         Spirit   .   C - +0 hat of Unreason {rN+ MR+ Regen+ Str+3}
rElec    .         Reflect  +   m - +2 cloak
rCorr    .         Harm     .   p - +2 pair of gloves
MR       ++...                  B - +1 pair of boots {Stlth+}
Stlth    ..........             D - +2 amulet of reflection
HPRegen  0.81/turn              w - +4 ring of protection
MPRegen  0.21/turn              H - +4 ring of evasion

@: petrified
A: retaliatory headbutt, horns 2, large bone plates 1, see invisible, no potion
heal 1
}: 2/15 runes: decaying, gossamer
a: Heroism, Finesse, Renounce Religion


You were on level 5 of the Vaults.
You worshipped Okawaru.
Okawaru was exalted by your worship.
You were hungry.

You visited 7 branches of the dungeon, and saw 37 of its levels.
You also visited: Labyrinth, Ossuary and Ice Cave.

You collected 4327 gold pieces.
You spent 52 gold pieces at shops.

Inventory:

Hand Weapons
 u - the +8 broad axe "Ydaibefi" (weapon) {flame, rPois Int+2}
   (Okawaru gifted it to you on level 6 of the Lair of Beasts)

   It has been specially enchanted to burn those struck by it, causing extra
   injury to most foes and up to half again as much damage against particularly
   susceptible opponents.
   Big, fiery blades are also staple armaments of hydra-hunters.
   It affects your intelligence (+2).
   It protects you from poison.
Armour
 c - a +2 shield (worn)
 m - a +2 cloak (worn)
 n - the +7 chain mail of Jilyotio (worn) {Str+3}
   (Okawaru gifted it to you on level 6 of the Lair of Beasts)

   It affects your strength (+3).
 p - a +2 pair of gloves (worn)
 r - a scarf of resistance
 B - a +1 pair of boots of stealth (worn)
 C - the +0 hat of Unreason (worn) {rN+ MR+ Regen+ Str+3}
   (Okawaru gifted it to you on level 1 of the Spider Nest)

   It affects your strength (+3).
   It protects you from negative energy.
   It affects your resistance to hostile enchantments.
   It increases your rate of regeneration.
Jewellery
 g - an uncursed ring of protection from fire
 w - a +4 ring of protection (left hand)
 y - an uncursed ring of protection from cold
 D - a +2 amulet of reflection (around neck)
 H - a +4 ring of evasion (right hand)
 J - a +3 ring of evasion
Wands
 A - a wand of iceblast (5)
Scrolls
 e - 11 scrolls of teleportation
 j - 11 scrolls of identify
 l - a scroll of fog
 q - 12 scrolls of remove curse
 s - 4 scrolls of magic mapping
 t - 5 scrolls of fear
 x - 5 scrolls of enchant weapon
 E - 3 scrolls of blinking
 I - a scroll of amnesia
Potions
 a - 3 potions of resistance
 b - 5 potions of agility
 d - 3 potions of haste
 k - 10 potions of curing
 o - a potion of heal wounds
 v - 4 potions of flight
 z - 4 potions of might
 G - 4 potions of ambrosia
Books
 h - a book of Callings

   Spells                             Type                      Level
   a - Summon Small Mammal            Summoning                    1
   b - Call Imp                       Summoning                    2
   c - Call Canine Familiar           Summoning                    3
   d - Summon Guardian Golem          Hexes/Summoning              3
   e - Summon Lightning Spire         Summoning/Air                4
   f - Summon Ice Beast               Ice/Summoning                4
 F - a book of Party Tricks

   Spells                             Type                      Level
   a - Summon Butterflies             Summoning                    1
   b - Apportation                    Translocation                1
   c - Lesser Beckoning               Translocation                3
   d - Tukima's Dance                 Hexes                        3
   e - Alistair's Intoxication        Transmutation/Poison         5
   f - Invisibility                   Hexes                        6
Comestibles
 f - 71 rations
 i - 17 chunks of flesh


   Skills:
 * Level 16.8 Fighting
 * Level 16.8 Axes
 + Level 22.2 Armour
 + Level 21.7 Dodging
 - Level 15.3 Shields
 - Level 11.0 Invocations


You had 17 spell levels left.
You knew the following spells:

 Your Spells              Type           Power        Failure   Level  Hunger
a - Regeneration          Chrm/Necr      #.........   98%         3    ####...


Dungeon Overview and Level Annotations

Branches:
Dungeon (15/15)            Temple (1/1) D:6            Lair (6/6) D:8
  Swamp (4/4) Lair:4       Spider (4/4) Lair:2        Slime (0/5) Lair:6
    Orc (2/2) D:12            Elf (0/3) Orc:2        Vaults (5/5) D:14
  Crypt (0/3) Vaults:2     Depths (0/5) D:15

Altars:
Ashenzari
Cheibriados
Dithmenos
Elyvilon
Fedhas
Gozag
Hepliaklqana
Kikubaaqudgha
Makhleb
Nemelex Xobeh
Okawaru
Qazlal
Ru
Sif Muna
Trog
Uskayaw
Vehumet
Wu Jian
Xom
Yredelemnul
Zin
The Shining One
Beogh
Jiyva

Shops:
Orc:2 ?:(}   Vaults:2 }

Portals:
Hell: Lair:6
Trove: D:13 (give +4 storm dragon scales)

Annotations:
Lair:6 exclusion: oklob plant
Swamp:2 2 transporters


Innate Abilities, Weirdness & Mutations

You reflexively headbutt those who attack you in melee.
You have a pair of horns on your head.
You are partially covered in large bone plates. (SH +4)
You have supernaturally acute eyesight. (SInv)
Potions are less effective at restoring your health.


Message History

* * * LOW HITPOINT WARNING * * *
The ettin hits you with a great mace of protection.
* * * LOW HITPOINT WARNING * * *
The lich casts a spell at you.
Helpless, you fail to dodge the crystal spear.
* * * LOW HITPOINT WARNING * * *
The ironbrand convoker gestures at the crawling corpse while chanting.
The crawling corpse seems to grow stronger.
The deep elf mage hits you but does no damage.
The vault guard hits you but does no damage.
The iron dragon bites you!
* * * LOW HITPOINT WARNING * * *
The iron dragon claws you but does no damage.
The iron dragon tramples you but does no damage.
The stone giant hits you but does no damage.
You hear a shout!
A small abomination, 7 crawling corpses and a zombie come into view.
The lich casts a spell at you.
Helpless, you fail to dodge the crystal spear.
You die...

...# #....# #.
...##....#....
.(.#....#.#.#
...........
#####x.*.....###
......cQc.......
.....cCLcxx.....
.....xx@Cc<.....
.....*epDx.(....
##.#...p(.c..###
......x....e.(.
........x..#((..
..Z..!#....# .##
#..........# #
Z#....#....#
.#.. #....#


You could see an iron dragon, a stone giant, a tengu reaver, a lich, a yaktaur
captain, a vault guard, an ettin, a deep elf high priest, an ironbrand convoker,
5 yaktaurs, a deep elf mage, a small abomination, 2 battlespheres, an ettin
zombie, an ironheart preserver zombie and 7 crawling corpses.

Vanquished Creatures
  Jory (Vaults:2)
  Nikola (Vaults:1)
  2 golden dragons (Vaults:5)
  A lich (Vaults:4)
  Jorgrun (Swamp:4)
  5 thorn hunters
  Kirke (Lair:6)
  3 sphinxes
  The ghost of Inchmeat the Slayer, an adept MfGl of Makhleb (D:15)
  Roxanne (Swamp:2)
  Donald (Spider:1)
  2 orc warlords
  A fire giant (Vaults:5)
  3 ghost moths (Spider:4)
  A frost giant (IceCv)
  10 vault wardens
  6 emperor scorpions
  An iron dragon (Vaults:5)
  Aizul (Swamp:2)
  A deep elf sorcerer (Vaults:4)
  A ghoul (Vaults:2)
  Louise (D:14)
  12 ironheart preservers
  3 war gargoyles
  4 stone giants
  3 very ugly things (Vaults:3)
  5 entropy weavers
  A spark wasp (Spider:3)
  Azrael (D:15)
  An ettin (Vaults:5)
  3 deep elf death magi
  2 fire dragons
  A minotaur (Lab)
  2 jiangshi (Vaults:2)
  3 great orbs of eyes
  Josephine (Lair:6)
  10 yaktaur captains
  3 rakshasas
  5 ice dragons
  20 hydras
  31 vault guards
  A ghost crab (Swamp:4)
  4 alligators
  11 centaur warriors
  A death knight (Vaults:4)
  2 catoblepae
  12 ogre magi
  39 two-headed ogres
  A queen ant (Spider:2)
  3 deep troll shamans
  2 orc high priests (Orc:2)
  7 death yaks
  Sonja (D:13)
  3 deep elf knights
  A shadow wraith (Vaults:3)
  5 spriggans
  A sixfirhy (Lair:6)
  A skeletal warrior (D:15)
  6 deep trolls
  14 swamp dragons
  3 unseen horrors
  A flayed ghost (Vaults:1)
  A deep elf archer (Vaults:1)
  A lindwurm (Swamp:4)
  A wolf spider zombie (D:15)
  13 ironbrand convokers
  3 phantasmal warriors
  14 orc knights
  A shambling mangrove (Swamp:4)
  A wizard (Lair:6)
  A glowing orange brain (Vaults:4)
  8 harpies
  3 necromancers
  A mana viper (shapeshifter) (Vaults:3)
  The ghost of rgaf the Summoner, a novice TeSu of Ashenzari (D:8)
  20 orb spiders
  23 ugly things
  7 cyclopes
  33 wolf spiders
  2 orc sorcerers
  8 deep elf magi
  A frost giant zombie (D:15)
  A fire giant skeleton (D:15)
  A manticore (D:15)
  2 moths of wrath (Spider:4)
  A moth of wrath (shapeshifter) (Vaults:1)
  A black mamba (Lair:6)
  5 elephants
  2 black mambas (shapeshifter)
  3 torpor snails
  8 vault sentinels
  The ghost of eruonna the Firebug, a novice OgFE (D:5)
  A smoke demon (Lair:6)
  A gargoyle (D:14)
  21 spiny frogs
  An ice statue (IceCv)
  3 orange demons (Lair:6)
  5 rime drakes (Lair:6)
  37 yaktaurs
  16 demonic crawlers
  A yaktaur (shapeshifter) (Vaults:3)
  8 komodo dragons
  A freezing wraith (Vaults:3)
  A guardian mummy (D:15)
  2 kobold demonologists (D:13)
  3 ice devils (Lair:6)
  6 meliai
  A tengu conjurer (D:15)
  A queen bee (Lair:3)
  30 jumping spiders
  2 trolls
  14 hornets
  A meliai (shapeshifter) (D:11)
  A wolf spider simulacrum (D:15)
  7 tyrant leeches
  A minotaur skeleton (Lab)
  19 polar bears (IceCv)
  6 hippogriffs
  A snapping turtle (shapeshifter) (Vaults:3)
  A spriggan zombie (D:15)
  19 slime creatures
  18 blink frogs
  15 dream sheep
  5 bog bodies
  A meliai zombie (D:13)
  An ice dragon skeleton (D:15)
  A vampire (D:12)
  2 shadows
  2 wyverns
  79 redbacks
  A water elemental (D:14)
  36 tarantellas
  11 wraiths
  3 fire elementals (D:15)
  2 hogs (Lair:6)
  A yak (shapeshifter) (Vaults:4)
  49 yaks
  A human (D:14)
  18 vampire mosquitoes
  The ghost of xordid the Chopper, an amateur HOGl (D:7)
  3 basilisks
  A hog (shapeshifter) (Vaults:1)
  5 wargs
  4 hungry ghosts
  A yaktaur simulacrum (Vaults:3)
  8 insubstantial wisps
  2 acid dragons
  16 swamp worms
  26 soldier ants
  A water moccasin (shapeshifter) (Vaults:5)
  15 water moccasins
  10 porcupines
  A hornet zombie (D:9)
  8 hell hounds
  16 swamp drakes
  2 ice beasts
  39 orc warriors
  3 sky beasts
  2 black bears
  22 ogres
  5 phantoms
  2 eyes of draining
  24 centaurs
  21 wolves
  7 boggarts
  14 crocodiles
  2 elf zombies (Ossuary)
  4 big kobolds
  18 bullfrogs
  2 ogre simulacra (Vaults:1)
  4 earth elementals (Spider:4)
  2 human skeletons (Vaults:3)
  A deep troll simulacrum (Vaults:2)
  3 wyvern zombies
  7 scorpions
  A human simulacrum (Vaults:3)
  41 killer bees
  8 howler monkeys
  7 wights (D:6)
  2 electric eels (Spider:2)
  6 crimson imps
  6 centaur zombies
  4 human zombies
  4 hounds
  8 jellies
  31 orc wizards
  A quasit (D:11)
  19 orc priests
  A bullfrog skeleton (D:10)
  Crazy Yiuf (D:2)
  4 centaur skeletons
  3 iguanas
  3 hell rats (Lair:3)
  27 worker ants
  A big kobold zombie (Ossuary)
  3 hound zombies (Ossuary)
  2 hound skeletons
  3 mummies (Ossuary)
  A howler monkey zombie (D:7)
  11 gnolls
  12 adders
  5 river rats (Lair:3)
  4 shadow imps
  8 oozes
  3 adder zombies
  An adder skeleton (D:4)
  7 leopard geckos
  143 orcs
  5 giant cockroaches
  2 goblins
  8 hobgoblins
  5 jackals
  19 kobolds
  5 quokkas
  2 ball pythons
  9 bats
  4 frilled lizards
  4 goblin zombies (Ossuary)
  3 hobgoblin zombies (Ossuary)
  A jackal zombie (Ossuary)
  4 kobold zombies (Ossuary)
  A leopard gecko skeleton (D:4)
  4 orc zombies (Ossuary)
  4 quokka zombies (Ossuary)
  18 rats
  6 rat zombies (Ossuary)
  A briar patch (Swamp:4)
  2 fungi (Lair:6)
  4 plants
  A withered plant (D:15)
1696 creatures vanquished.

Vanquished Creatures (others)
  Asterion (Vaults:1)
  An emperor scorpion (Spider:4)
  A yaktaur captain (Vaults:1)
  A rakshasa (Vaults:2)
  A centaur warrior (Vaults:1)
  2 lindwurms (Swamp:4)
  A deep elf archer (Vaults:3)
  2 orb spiders (Spider:2)
  A wolf spider (Spider:2)
  A vault sentinel (Vaults:1)
  A spiny frog (Swamp:4)
  10 yaktaurs
  A jumping spider (Spider:4)
  A blink frog (Lair:6)
  A hornet (Swamp:4)
  A redback (Spider:4)
  2 tarantellas
  A human (Lair:6)
  2 centaurs
  An orc (Vaults:1)
  A briar patch (Swamp:4)
  13 fungi
  12 withered plants (D:15)
59 creatures vanquished.

Grand Total: 1755 creatures vanquished

Notes
Turn   | Place    | Note
-------+----------+-------------------------------------------
     0 | D:1      | JeffiDaFish the Minotaur Fighter began the quest for the Orb.
     0 | D:1      | Reached XP level 1. HP: 19/19 MP: 0/0
   299 | D:1      | Reached XP level 2. HP: 27/27 MP: 1/1
   588 | D:1      | Reached skill level 4 in Armour
   601 | D:1      | Found a glowing golden altar of the Shining One.
   675 | D:1      | Reached XP level 3. HP: 30/33 MP: 2/2
   960 | D:2      | Reached skill level 1 in Dodging
  1095 | D:2      | You fall through a shaft for 2 floors!
  1121 | D:4      | Found a basalt altar of Yredelemnul.
  1191 | D:2      | Noticed an ogre
  1198 | D:2      | Killed an ogre
  1198 | D:2      | Reached XP level 4. HP: 26/41 MP: 3/3
  1198 | D:2      | Reached XP level 5. HP: 30/47 MP: 4/4
  1564 | D:2      | Found a runed door.
  1568 | D:2      | Noticed Crazy Yiuf
  1579 | D:2      | Killed Crazy Yiuf
  2352 | D:3      | Found a radiant altar of Vehumet.
  2568 | D:3      | Found a white marble altar of Elyvilon.
  3119 | D:4      | Reached skill level 5 in Fighting
  3119 | D:4      | Reached skill level 5 in Armour
  3119 | D:4      | Reached skill level 5 in Shields
  3119 | D:4      | Reached XP level 6. HP: 56/56 MP: 5/5
  3136 | D:4      | Found a deep blue altar of Sif Muna.
  3702 | D:5      | Entered Level 5 of the Dungeon
  3801 | D:5      | Noticed eruonna's ghost (novice OgFE)
  3816 | D:5      | Killed eruonna's ghost
  3816 | D:5      | Reached XP level 7. HP: 18/62 MP: 6/6
  3838 | D:4      | Found a shadowy altar of Dithmenos.
  4335 | D:5      | Found a sand-covered staircase.
  4351 | Ossuary  | Entered an ossuary
  4369 | Ossuary  | Reached skill level 5 in Axes
  4369 | Ossuary  | Reached skill level 6 in Armour
  4475 | Ossuary  | Reached XP level 8. HP: 70/70 MP: 7/7
  4800 | D:5      | Found a bloodstained altar of Trog.
  5035 | D:6      | Found a stormy altar of Qazlal.
  5036 | D:6      | Found a snail-covered altar of Cheibriados.
  5228 | D:6      | Reached skill level 7 in Armour
  5228 | D:6      | Reached skill level 5 in Dodging
  5544 | D:6      | Found a staircase to the Ecumenical Temple.
  5600 | D:6      | Reached XP level 9. HP: 74/79 MP: 8/8
  5640 | Temple   | Entered the Ecumenical Temple
  6452 | D:7      | Found an iron altar of Okawaru.
  6467 | D:7      | Became a worshipper of Warmaster Okawaru
  6888 | D:7      | Noticed xordid's ghost (amateur HOGl)
  6898 | D:7      | Killed xordid's ghost
  6898 | D:7      | Reached skill level 8 in Armour
  7094 | D:7      | Reached * piety under Okawaru
  7258 | D:8      | Noticed rgaf's ghost (novice TeSu)
  7266 | D:8      | Killed rgaf's ghost
  7266 | D:8      | Reached ** piety under Okawaru
  7266 | D:8      | Reached XP level 10. HP: 83/90 MP: 9/9
  7696 | D:8      | Reached skill level 9 in Armour
  7917 | D:8      | Found a staircase to the Lair.
  7924 | Lair:1   | Entered Level 1 of the Lair of Beasts
  8017 | Lair:1   | Reached *** piety under Okawaru
  8592 | Lair:2   | Noticed a spiny frog
  8604 | Lair:2   | Killed a spiny frog
  8617 | Lair:2   | Reached skill level 10 in Armour
  8617 | Lair:2   | Reached skill level 10 in Shields
  8621 | Lair:2   | Reached **** piety under Okawaru
  8780 | Lair:2   | Reached XP level 11. HP: 78/95 MP: 10/10
  8903 | Lair:2   | Found a hole to the Spider Nest.
  9416 | Lair:3   | Reached ***** piety under Okawaru
  9478 | Lair:3   | Reached skill level 11 in Armour
 10209 | Lair:3   | Reached skill level 10 in Dodging
 10250 | Lair:3   | Received a gift from Okawaru
 10636 | Lair:4   | Received a gift from Okawaru
 10649 | Lair:4   | Reached skill level 12 in Armour
 10666 | Lair:4   | Got an encrusted hat {god gift}
 10672 | Lair:4   | Identified the +1 hat of the Princeling {MR+} (Okawaru gifted it to you on level 4 of the Lair of Beasts)
 10701 | Lair:4   | Reached XP level 12. HP: 67/103 MP: 11/11
 10896 | Lair:4   | Found a staircase to the Swamp.
 11735 | Lair:5   | Noticed a five-headed hydra
 11745 | Lair:5   | Killed a five-headed hydra
 11745 | Lair:5   | Reached skill level 10 in Fighting
 11815 | Lair:5   | Reached skill level 10 in Axes
 11927 | Lair:5   | Reached skill level 1 in Invocations
 11977 | Lair:5   | Reached ****** piety under Okawaru
 12171 | Lair:5   | Gained mutation: You are partially covered in large bone plates. (SH +4) [potion of mutation]
 12171 | Lair:5   | Gained mutation: Potions are less effective at restoring your health. [potion of mutation]
 12171 | Lair:5   | Gained mutation: You have supernaturally acute eyesight. (SInv) [potion of mutation]
 12290 | Lair:6   | Entered Level 6 of the Lair of Beasts
 12298 | Lair:6   | Noticed Josephine
 12301 | Lair:6   | Noticed a death yak
 12301 | Lair:6   | Noticed a death yak
 12303 | Lair:6   | Noticed a catoblepas
 12332 | Lair:6   | Received a gift from Okawaru
 12337 | Lair:6   | Got a dazzling broad axe {god gift}
 12338 | Lair:6   | Identified the +8 broad axe "Ydaibefi" {flame, rPois Int+2} (Okawaru gifted it to you on level 6 of the Lair of Beasts)
 12356 | Lair:6   | Noticed a five-headed hydra
 12373 | Lair:6   | Killed a three-headed hydra
 12424 | Lair:6   | Noticed a five-headed hydra
 12432 | Lair:6   | Killed a two-headed hydra
 12432 | Lair:6   | Received a gift from Okawaru
 12526 | Lair:6   | Reached XP level 13. HP: 51/113 MP: 14/14
 12563 | Lair:6   | Noticed Kirke
 12574 | Lair:6   | Killed Kirke
 12574 | Lair:6   | Reached skill level 13 in Armour
 13011 | Lair:6   | Received a gift from Okawaru
 13022 | Lair:6   | Killed Josephine
 13385 | Lair:6   | Received a gift from Okawaru
 13385 | Lair:6   | Reached skill level 5 in Invocations
 13438 | Lair:6   | Found a staircase to the Slime Pits.
 13439 | Lair:6   | Found a viscous altar of Jiyva.
 14140 | Lair:6   | Found a burning altar of Makhleb.
 14158 | Lair:6   | Received a gift from Okawaru
 14175 | Lair:6   | Got a steaming chain mail {god gift}
 14192 | Lair:6   | Identified the +7 chain mail of Jilyotio {Str+3} (Okawaru gifted it to you on level 6 of the Lair of Beasts)
 14203 | Lair:6   | Found a gateway to Hell.
 14382 | D:9      | Found a shimmering altar of Xom.
 14443 | D:9      | Found a shimmering altar of Xom.
 14444 | D:9      | Found a shimmering altar of Xom.
 14446 | D:9      | You fall through a shaft for 2 floors!
 14474 | D:10     | Entered Level 10 of the Dungeon
 14570 | D:10     | Reached XP level 14. HP: 121/121 MP: 17/17
 14611 | D:9      | Reached skill level 14 in Armour
 14751 | D:9      | Found a sparkling altar of Nemelex Xobeh.
 15666 | D:11     | Learned a level 3 spell: Regeneration
 16679 | D:12     | Received a gift from Okawaru
 16848 | D:12     | Found a roughly hewn altar of Beogh.
 16848 | D:12     | Found a staircase to the Orcish Mines.
 16946 | D:12     | Found a labyrinth entrance.
 16954 | Lab      | Entered a labyrinth
 17165 | Lab      | Reached skill level 15 in Dodging
 17167 | Lab      | Got a smoking ivory ring
 17176 | Lab      | Got a warped bronze amulet
 17190 | Lab      | Identified the ring of Eternal Harmony {Fire -Tele rElec rN++ Dex+3} (You took it off a minotaur in a labyrinth)
 17201 | Lab      | Identified the amulet of Hoefya Zuduy {Harm *Drain SInv} (You found it in a labyrinth)
 18052 | D:13     | Noticed Sonja
 18379 | D:13     | Killed Sonja
 18610 | D:13     | Reached skill level 15 in Shields
 18774 | D:13     | Found a portal to a secret trove of treasure.
 19234 | D:14     | Reached skill level 15 in Armour
 19433 | D:14     | Found a shimmering altar of Xom.
 19747 | D:14     | Reached XP level 15. HP: 96/126 MP: 18/18
 19757 | D:14     | Found a gate to the Vaults.
 19921 | D:14     | Received a gift from Okawaru
 20167 | D:14     | Noticed Louise
 20200 | D:14     | Killed Louise
 20338 | D:15     | Entered Level 15 of the Dungeon
 20458 | D:15     | Noticed Azrael
 20475 | D:15     | Killed Azrael
 20842 | D:15     | Found a frozen archway.
 20865 | IceCv    | Entered an ice cave
 21186 | IceCv    | Noticed a frost giant
 21207 | IceCv    | Killed a frost giant
 21207 | IceCv    | Received a gift from Okawaru
 21643 | D:15     | Found a staircase to the Depths.
 21643 | D:15     | Noticed Inchmeat's ghost (adept MfGl)
 21689 | D:15     | Killed Inchmeat's ghost
 22146 | Orc:1    | Entered Level 1 of the Orcish Mines
 22171 | Orc:1    | Noticed an orc warlord
 22199 | Orc:1    | Killed an orc warlord
 22301 | Orc:1    | Received a gift from Okawaru
 22611 | Orc:2    | Entered Level 2 of the Orcish Mines
 22739 | Orc:2    | Found a roughly hewn altar of Beogh.
 22846 | Orc:2    | Noticed an orc warlord
 22856 | Orc:2    | Found Seammawi's Antique Weapon Shoppe.
 22872 | Orc:2    | Killed an orc warlord
 22872 | Orc:2    | Reached XP level 16. HP: 72/140 MP: 18/21
 23092 | Orc:2    | Found a roughly hewn altar of Beogh.
 23093 | Orc:2    | Found Ithixak's Antique Armour Emporium.
 23162 | Orc:2    | Found a roughly hewn altar of Beogh.
 23226 | Orc:2    | Found a staircase to the Elven Halls.
 23252 | Orc:2    | Found Baabrass's Magic Scroll Shop.
 23262 | Orc:2    | Bought a scroll of magic mapping for 52 gold pieces
 23310 | Orc:2    | Found a roughly hewn altar of Beogh.
 23369 | Orc:2    | Found a roughly hewn altar of Beogh.
 23476 | Orc:2    | Found a roughly hewn altar of Beogh.
 23514 | Orc:2    | Found Zemut's Gadget Shoppe.
 23564 | Orc:2    | Found a roughly hewn altar of Beogh.
 23565 | Orc:2    | Found Mokhlaol's Book Emporium.
 23632 | Orc:2    | Found a roughly hewn altar of Beogh.
 23866 | Spider:1 | Entered Level 1 of the Spider Nest
 24136 | Spider:1 | Received a gift from Okawaru
 24181 | Spider:1 | Got a smoking hat {god gift}
 24192 | Spider:1 | Identified the +0 hat of Unreason {rN+ MR+ Regen+ Str+3} (Okawaru gifted it to you on level 1 of the Spider Nest)
 24253 | Spider:1 | Noticed Donald
 24258 | Spider:1 | Killed Donald
 25577 | Spider:2 | Reached skill level 16 in Armour
 25598 | Spider:2 | Identified the +5 plate armour of the End {rN+} (You found it on level 2 of the Spider Nest)
 25947 | Spider:3 | Reached skill level 10 in Invocations
 26408 | Spider:3 | Received a gift from Okawaru
 26814 | Spider:4 | Entered Level 4 of the Spider Nest
 26829 | Spider:4 | Reached XP level 17. HP: 125/151 MP: 18/23
 27103 | Spider:4 | Received a gift from Okawaru
 27769 | Spider:4 | Got a gossamer rune of Zot
 27808 | Spider:4 | Received a gift from Okawaru
 27895 | Spider:4 | Reached skill level 15 in Fighting
 27895 | Spider:4 | Reached XP level 18. HP: 163/163 MP: 25/25
 28263 | Swamp:1  | Entered Level 1 of the Swamp
 28292 | Swamp:1  | Reached skill level 15 in Axes
 28394 | Swamp:1  | Reached skill level 17 in Armour
 29009 | Swamp:2  | Found a transporter.
 29029 | Swamp:2  | Noticed Roxanne
 29035 | Swamp:2  | Received a gift from Okawaru
 29060 | Swamp:2  | Killed Roxanne
 29061 | Swamp:2  | Identified Roxanne's Compendium of the Mountains (You took it off Roxanne on level 2 of the Swamp)
 29301 | Swamp:2  | Found a transporter.
 29400 | Swamp:2  | Noticed Aizul
 29412 | Swamp:2  | Killed Aizul
 30229 | Swamp:4  | Entered Level 4 of the Swamp
 30278 | Swamp:4  | Reached XP level 19. HP: 147/171 MP: 26/26
 30353 | Swamp:4  | Received a gift from Okawaru
 30390 | Swamp:4  | Noticed Jorgrun
 30429 | Swamp:4  | Killed Jorgrun
 30673 | Swamp:4  | Got a decaying rune of Zot
 30945 | Swamp:2  | Received a gift from Okawaru
 31265 | Vaults:1 | Entered Level 1 of the Vaults
 31298 | Vaults:1 | Reached skill level 18 in Armour
 31509 | Vaults:1 | Noticed Asterion
 31525 | Vaults:1 | Noticed Nikola
 31526 | Vaults:1 | Killed Asterion
 31932 | Vaults:1 | Killed Nikola
 32680 | Vaults:1 | Reached skill level 19 in Armour
 32719 | Vaults:1 | Received a gift from Okawaru
 33274 | Vaults:2 | Reached XP level 20. HP: 167/180 MP: 27/27
 33454 | Vaults:2 | Found a staircase to the Crypt.
 33555 | Vaults:2 | Noticed Jory
 33591 | Vaults:2 | Killed Jory
 33979 | Vaults:2 | Reached skill level 20 in Armour
 34422 | Vaults:2 | Found Caeq's Gadget Boutique.
 34452 | Vaults:2 | Received a gift from Okawaru
 34621 | Vaults:3 | Received a gift from Okawaru
 35110 | Vaults:3 | Paralysed by a floating eye for 2 turns
 35525 | Vaults:3 | Reached skill level 21 in Armour
 35980 | Vaults:4 | Reached XP level 21. HP: 188/188 MP: 28/28
 36057 | Vaults:4 | Received a gift from Okawaru
 36827 | Vaults:5 | Entered Level 5 of the Vaults
 36839 | Vaults:4 | Reached skill level 22 in Armour
 36912 | Vaults:5 | Noticed a golden dragon
 36946 | Vaults:5 | Noticed a golden dragon
 37035 | Vaults:5 | Killed a golden dragon
 37039 | Vaults:5 | Killed a golden dragon
 37145 | Vaults:5 | Received a gift from Okawaru
 37154 | Vaults:5 | Killed from afar by a lich

Skill      XL: |  1  2  3  4  5  6  7  8  9 10 11 12 13 14 15 16 17 18 19 20 21 |
---------------+----------------------------------------------------------------+-----
Fighting       | 4 5 6 7 8 10 12 13 15 16 | 16.8
Armour         | 4 5 6 7 8 10 12 13 15 16 17 19 21 22 | 22.2
Shields        | 4 5 6 7 8 10 12 13 14 15 | 15.3
Dodging        | 1 2 3 4 5 6 8 10 12 13 15 16 17 19 20 21 | 21.7
Axes           | 3 4 5 6 8 10 12 13 14 15 16 | 16.8
Invocations    | 3 5 6 8 10 11 | 11.0

Action                   |  1- 3 |  4- 6 |  7- 9 | 10-12 | 13-15 | 16-18 | 19-21 || total
-------------------------+-------+-------+-------+-------+-------+-------+-------++-------
Melee: War axe           |   102 |   123 |   333 |       |       |       |       ||   558
       Headbutt          |     9 |    23 |    80 |   151 |   282 |   247 |   361 ||  1153
       Flail             |       |    10 |       |     6 |       |       |       ||    16
       Hand axe          |       |       |    63 |   618 |       |       |       ||   681
       Broad axe         |       |       |       |    44 |  1111 |   981 |  1215 ||  3351
       Unarmed           |       |       |       |       |     2 |       |       ||     2
Invok: Finesse           |       |       |       |     1 |    11 |     3 |     7 ||    22
Evoke: Wand              |       |       |       |       |     3 |       |       ||     3
  Use: Scroll            |     4 |     4 |     5 |     9 |    12 |    10 |    10 ||    54
       Potion            |     2 |     5 |       |     6 |     4 |     5 |     8 ||    30
 Stab: Petrified         |       |       |       |       |    11 |       |       ||    11
       Distracted        |       |       |       |       |     1 |       |       ||     1
  Eat: Chunk             |     1 |     8 |    12 |    18 |    33 |    22 |    23 ||   117
       Ration            |       |       |       |       |     1 |     1 |       ||     2
Armor: Scale mail        |    51 |    22 |       |       |       |       |       ||    73
       Chain mail        |       |    39 |    51 |       |   263 |   354 |   205 ||   912
       Plate armour      |       |       |   117 |   273 |    71 |       |       ||   461
Dodge: Dodged            |    34 |    30 |    98 |   232 |   388 |   655 |   520 ||  1957
Block: Shield            |    53 |   112 |   224 |   444 |  1102 |  1253 |  1130 ||  4318
       Reflection        |       |       |       |       |       |     9 |   141 ||   150
